 Dungeon Crawl Stone Soup version 0.28-a0-793-g31680bbd8b (webtiles) character file.

Game seed: 7115076695925404647

737 Ijustatesigmund the Shield-Bearer (level 7, -1/60 HPs)
             Began as a Gnoll Fighter on Nov 4, 2021.
             Splashed by a jelly's acid (4 damage)
             ... on level 5 of the Dungeon.
             The game lasted 00:09:10 (5351 turns).

Ijustatesigmund the Shield-Bearer (Gnoll Fighter)   Turns: 5351, Time: 00:09:11

Health: -1/60      AC:  6    Str: 16    XL:     7   Next: 75%
Magic:  11/11      EV:  8    Int:  9    God:
Gold:   181        SH:  6    Dex: 11    Spells: 11/11 levels left

rFire   . . .      SeeInvis .   h - +2 spear
rCold   . . .      Faith    .   c - +1 buckler
rNeg    . . .      Spirit   .   b - +0 chain mail
rPois   .          Reflect  .   (no helmet)
rElec   .          Harm     .   (no cloak)
rCorr   .          Rampage  .   (no gloves)
Will    .....                   (no boots)
Stlth   ..........              (no amulet)
HPRegen 0.20/turn               (no ring)
MPRegen 0.12/turn               (no ring)

@: corroded, very slightly contaminated, invisible
A: fangs 1, strong nose, distributed training
a: no special abilities


You were on level 5 of the Dungeon.
You visited 2 branches of the dungeon, and saw 6 of its levels.

You collected 181 gold pieces.

Inventory:

Hand Weapons
 a - a +0 war axe
 h - a +2 spear (weapon)
 n - a +0 hand crossbow
Armour
 b - a +0 chain mail (worn)
 c - a +1 buckler (worn)
Wands
 o - a wand of charming (10)
Scrolls
 g - 2 scrolls of amnesia
Potions
 d - a potion of might
 e - a potion of flight
 i - a potion of resistance
 k - a potion of lignification
 l - a potion of magic {unknown}


   Skills:
 + Level 7.1 Fighting
 + Level 2.7 Short Blades
 + Level 2.7 Long Blades
 + Level 5.3 Axes
 + Level 2.7 Maces & Flails
 + Level 2.7 Polearms
 + Level 2.7 Staves
 + Level 2.7 Slings
 + Level 2.7 Bows
 + Level 2.7 Crossbows
 + Level 2.7 Throwing
 + Level 7.1 Armour
 + Level 2.7 Dodging
 + Level 2.7 Stealth
 + Level 7.1 Shields
 + Level 2.7 Unarmed Combat
 + Level 2.7 Spellcasting
 + Level 2.2 Conjurations
 + Level 2.2 Hexes
 + Level 2.2 Summonings
 + Level 2.2 Necromancy
 + Level 2.2 Translocations
 + Level 2.2 Transmutations
 + Level 2.2 Fire Magic
 + Level 2.2 Ice Magic
 + Level 2.2 Air Magic
 + Level 2.2 Earth Magic
 + Level 2.2 Poison Magic
 + Level 3.0 Invocations
 + Level 2.7 Evocations


You had 11 spell levels left.
You didn't know any spells.
Your spell library contained the following spells:

 Spells                   Type           Power      Damage    Failure   Level
 Beastly Appendage        Tmut           10%        N/A       86%         1
 Shock                    Conj/Air       20%        1d4       86%         1
 Blink                    Tloc           10%        N/A       94%         2
 Wereblood                Tmut           5%         N/A       94%         2
 Spider Form              Tmut/Pois      5%         N/A       99%         3
 Manifold Assault         Tloc           5%         N/A       100%        5
 Storm Form               Tmut/Air       2%         N/A       100%        7


Dungeon Overview and Level Annotations

Branches:
Dungeon (5/15)             Temple (1/1) D:4

Altars:
Ashenzari
Dithmenos
Gozag
Makhleb
Nemelex Xobeh
Ru
Sif Muna
Trog
Uskayaw
Vehumet
Yredelemnul
Zin


Innate Abilities, Weirdness & Mutations

You have very sharp teeth.
Your uncanny sense of smell can sniff out nearby items.
Your experience applies equally to all skills.


Message History

Your Invocations skill increases to level 3!
n - a +0 hand crossbow (weapon)
Throw: 2 darts (poison)
Press: ? - help, Q - select action, (/) - cycle Shift-Dir - straight line, f - jelly
Aim: a jelly (89% to hit)
You throw a poisoned dart. The poisoned dart hits the jelly.
Throw: dart (poison)
Press: ? - help, Q - select action, (/) - cycle Shift-Dir - straight line, f/p - jelly
Aim: a jelly (89% to hit)
You throw a poisoned dart. The poisoned dart hits the jelly.
h - a +2 spear (weapon)
You hit the jelly.
Your hands burn!
* * * LOW HITPOINT WARNING * * *
The jelly is lightly wounded.
The jelly hits you.
* * * LOW HITPOINT WARNING * * *
The acid corrodes you!
You are splashed with acid!
* * * LOW HITPOINT WARNING * * *
Okay, then.
You fade into invisibility!
The jelly hits you but does no damage.
You are very lightly contaminated with residual magic.
You hit the jelly.
Your hands burn!
* * * LOW HITPOINT WARNING * * *
You bite the jelly, but do no damage.
The jelly is heavily wounded.
The jelly hits you but does no damage.
You puncture the jelly!
Your hands burn!
* * * LOW HITPOINT WARNING * * *
The jelly is almost dead.
The jelly hits you but does no damage.
You hit the jelly but do no damage.
Your hands burn!
* * * LOW HITPOINT WARNING * * *
The jelly is almost dead.
The jelly hits you but does no damage.
You completely miss the jelly.
The jelly is almost dead.
The jelly closely misses you.
You hit the jelly.
Your hands burn!
You die...

###### #<....
############ #..###
...........# ##§#
...........# #§##
.......@...# #§§#
##.....J...# ##§#
#.........## #§#
#..........# #.#
#..........## #.##
#.....(.....# #..#
#####...(...# ######..
..#####.(## #.......
#.........(.##..######


You could see a jelly.

Vanquished Creatures
  3 ogres
  2 phantoms (D:5)
  A kobold brigand (D:4)
  A hound (D:5)
  A centaur skeleton (D:5)
  An iguana (D:4)
  2 adders
  5 gnolls
  2 white imps
  2 adder skeletons
  2 dart slugs
  2 orcs
  4 bats
  6 endoplasms
  4 giant cockroaches
  7 goblins
  7 hobgoblins
  9 jackals
  24 kobolds
  4 quokkas
  11 ball pythons
  5 frilled lizards
  2 rats
107 creatures vanquished.

Vanquished Creatures (others)
  52 plants (D:4)
52 creatures vanquished.

Grand Total: 159 creatures vanquished

Notes
Turn   | Place    | Note
-------+----------+-------------------------------------------
     0 | D:1      | Ijustatesigmund the Gnoll Fighter began the quest for the
                  | Orb.
     0 | D:1      | Reached XP level 1. HP: 23/23 MP: 1/1
   171 | D:1      | Reached XP level 2. HP: 20/29 MP: 2/2
   673 | D:2      | Reached XP level 3. HP: 35/35 MP: 3/3
   734 | D:2      | Found a faded altar of an unknown god.
   888 | D:2      | Found a glowing silver altar of Zin.
  1095 | D:2      | Reached skill level 1 in Invocations
  1154 | D:2      | Reached skill level 1 in Short Blades
  1154 | D:2      | Reached skill level 1 in Long Blades
  1154 | D:2      | Reached skill level 1 in Maces & Flails
  1154 | D:2      | Reached skill level 1 in Polearms
  1154 | D:2      | Reached skill level 1 in Staves
  1154 | D:2      | Reached skill level 1 in Slings
  1154 | D:2      | Reached skill level 1 in Bows
  1154 | D:2      | Reached skill level 1 in Crossbows
  1154 | D:2      | Reached skill level 1 in Throwing
  1154 | D:2      | Reached skill level 1 in Dodging
  1154 | D:2      | Reached skill level 1 in Stealth
  1154 | D:2      | Reached skill level 1 in Unarmed Combat
  1154 | D:2      | Reached skill level 1 in Spellcasting
  1154 | D:2      | Reached skill level 1 in Evocations
  1550 | D:3      | Found a bloodstained altar of Trog.
  1561 | D:3      | Reached XP level 4. HP: 40/41 MP: 5/5
  1577 | D:3      | Found a shimmering blue altar of Sif Muna.
  1581 | D:3      | Got Sif Muna's Handbook of Air
  1940 | D:3      | Reached skill level 1 in Conjurations
  1940 | D:3      | Reached skill level 1 in Hexes
  1940 | D:3      | Reached skill level 1 in Summonings
  1940 | D:3      | Reached skill level 1 in Necromancy
  1940 | D:3      | Reached skill level 1 in Translocations
  1940 | D:3      | Reached skill level 1 in Transmutations
  1940 | D:3      | Reached skill level 1 in Fire Magic
  1940 | D:3      | Reached skill level 1 in Ice Magic
  1940 | D:3      | Reached skill level 1 in Air Magic
  1940 | D:3      | Reached skill level 1 in Earth Magic
  1940 | D:3      | Reached skill level 1 in Poison Magic
  2729 | D:4      | Reached XP level 5. HP: 23/47 MP: 6/6
  3016 | D:4      | Found a staircase to the Ecumenical Temple.
  3078 | Temple   | Entered the Ecumenical Temple
  3566 | D:4      | Noticed a kobold brigand
  3580 | D:4      | Killed a kobold brigand
  3581 | D:4      | Reached XP level 6. HP: 46/53 MP: 8/8
  4020 | D:4      | Reached skill level 5 in Axes
  4240 | D:4      | Reached XP level 7. HP: 59/59 MP: 10/10
  5221 | D:5      | Entered Level 5 of the Dungeon
  5349 | D:5      | HP: 3/60 [acid (2)]
  5351 | D:5      | Splashed by a jelly's acid

Illustrated notes

Levels and vault maps discovered:
D:1:      wander_arrival_estate, layout_rooms
D:2:      layout_basic, basic_altar, dreamdust_ecumenical_altar_grove,
          minmay_misc_feat_cross
D:3:      layout_loops_cross, nzn_overflow_gifts_of_might_and_magic,
          minmay_quantized
D:4:      kennysheep_kobold_camp, layout_layer_cave, minmay_temple_entry_arrows,
          chequers_decorated_corner
D:5:      layout_rooms, gup_sewer_entry_bowl, chequers_ossuary_entry_cave,
          uniq_eustachio
Temple:   jpeg_temple_island

Skill      XL: |  1  2  3  4  5  6  7 |
---------------+----------------------+-----
Invocations    | 1 2 3 |  3.0
Short Blades   | 1 2 |  2.7
Long Blades    | 1 2 |  2.7
Maces & Flails | 1 2 |  2.7
Polearms       | 1 2 |  2.7
Staves         | 1 2 |  2.7
Slings         | 1 2 |  2.7
Bows           | 1 2 |  2.7
Crossbows      | 1 2 |  2.7
Throwing       | 1 2 |  2.7
Dodging        | 1 2 |  2.7
Stealth        | 1 2 |  2.7
Unarmed Combat | 1 2 |  2.7
Spellcasting   | 1 2 |  2.7
Evocations     | 1 2 |  2.7
Conjurations   | 1 2 |  2.2
Hexes          | 1 2 |  2.2
Summonings     | 1 2 |  2.2
Necromancy     | 1 2 |  2.2
Translocations | 1 2 |  2.2
Transmutations | 1 2 |  2.2
Fire Magic     | 1 2 |  2.2
Ice Magic      | 1 2 |  2.2
Air Magic      | 1 2 |  2.2
Earth Magic    | 1 2 |  2.2
Poison Magic   | 1 2 |  2.2
Axes           | 5 |  5.3
Fighting       | 7 |  7.1
Armour         | 7 |  7.1
Shields        | 7 |  7.1

Action                   |  1- 3 |  4- 6 |  7- 9 || total
-------------------------+-------+-------+-------++-------
Melee: War axe           |    99 |   138 |    29 ||   266
       Bite              |     8 |    14 |     6 ||    28
       Spear             |       |       |     6 ||     6
 Fire: Hand crossbow     |       |       |    52 ||    52
Throw: Throwing net      |       |     2 |       ||     2
       Dart              |       |     5 |     3 ||     8
  Use: Scroll            |     2 |     1 |     4 ||     7
       Potion            |       |     4 |     1 ||     5
Armor: Scale mail        |    38 |    62 |     1 ||   101
       Chain mail        |       |       |    47 ||    47
Dodge: Dodged            |    57 |    55 |    27 ||   139
Block: Buckler           |    28 |    50 |    16 ||    94

Table legend: (Time is in decaauts)
 A = Elapsed time spent in this place.
 B = Non-inter-level travel time spent in this place.
 C = Inter-level travel time spent in this place.
 D = Time resting spent in this place.
 E = Time spent auto-exploring this place.
 F = Levels seen in this place.
 G = Mean time per level.
                   A        B        C        D        E       F      G
               +--------+--------+--------+--------+--------+-----+--------+
         Total |   5458 |   5206 |    252 |    708 |   3644 |   6 |  909.7 |
       Dungeon |   4951 |   4720 |    231 |    708 |   3170 |   5 |  990.2 |
        Temple |    506 |    485 |     21 |      0 |    474 |   1 |  506.0 |
               +--------+--------+--------+--------+--------+-----+--------+

Top non-repeatable levels by time:
     D:4: 1902 daAuts
     D:3: 1335 daAuts
     D:2: 906 daAuts
     D:1: 665 daAuts
  Temple: 506 daAuts
     D:5: 142 daAuts
